 Dungeon Crawl Stone Soup version 0.21-a0-78-g82a99e0 (webtiles) character file.

88 4thArraOfDagon the Skirmisher (level 4, 0/42 HPs)
             Began as a Minotaur Abyssal Knight on June 21, 2017.
             Was a Follower of Lugonu.
             Succumbed to a worker ant's poison
             ... on level 4 of the Dungeon.
             The game lasted 00:02:36 (603 turns).

4thArraOfDagon the Skirmisher (MiAK)                 Turns: 603, Time: 00:02:37

Health: 0/42       AC:  3    Str: 17    XL:     4   Next: 30%
Magic:  4/4        EV: 11    Int: 15    God:    Lugonu [*.....]
Gold:   130        SH:  0    Dex:  9    Spells: 3/3 levels left

rFire    . . .     SeeInvis .   a - +1 falchion
rCold    . . .     Gourm    .   (no shield)
rNeg     . . .     Faith    .   b - +0 leather armour
rPois    .         Spirit   .   (helmet restricted)
rElec    .         Reflect  .   (no cloak)
rCorr    .         Harm     .   (no gloves)
MR       .....                  (no boots)
Stlth    +.........             (no amulet)
HPRegen  0.14/turn              (no ring)
MPRegen  0.09/turn              (no ring)

@: brilliant, lethally poisoned (0 -> -5), hasted, very quick
A: retaliatory headbutt, horns 2
a: Depart the Abyss, Renounce Religion


You were on level 4 of the Dungeon.
You worshipped Lugonu.
Lugonu was aware of your devotion.
You were not hungry.

You visited 1 branch of the dungeon, and saw 4 of its levels.
You visited the Abyss 1 time.

You collected 130 gold pieces.

Inventory:

Hand Weapons
 a - a +1 falchion (weapon)
 h - a +4 short sword
Armour
 b - a +0 leather armour (worn)
Scrolls
 e - a scroll of immolation {unknown}
 g - a scroll of teleportation {unknown}
 k - 3 scrolls of identify {unknown}
Potions
 i - a potion of ambrosia
Comestibles
 c - a bread ration
 f - a royal jelly
 m - a meat ration


   Skills:
 + Level 5.0 Fighting
 + Level 3.4 Long Blades
 + Level 3.1 Armour
 + Level 1.3 Dodging
 + Level 2.1 Invocations


You had 3 spell levels left.
You didn't know any spells.

Dungeon Overview and Level Annotations

Branches:
Dungeon (4/15)
 Temple: D:4-7

Altars:
Hepliaklqana
Qazlal
The Shining One


Innate Abilities, Weirdness & Mutations

You reflexively headbutt those who attack you in melee.
You have a pair of horns on your head.


Message History

* * * LOW HITPOINT WARNING * * *
You feel sick.
Unknown command.
You slash the orc!
You kill the orc!
Lugonu accepts your kill.
* * * LOW HITPOINT WARNING * * *
You feel sick.
Things that are here:
a dagger of electrocution; an orc corpse; a worker ant corpse
* * * LOW HITPOINT WARNING * * *
You feel sick.
Found a marble ring.
* * * LOW HITPOINT WARNING * * *
You feel sick.
* * * LOW HITPOINT WARNING * * *
You feel sick.
* * * LOW HITPOINT WARNING * * *
You feel sick.
You die...

#.# ... #
##.####.##.##
###.##......#....#
#.......####.##..#
#.#.##...###.##..#
#....#..)..##..#######
####...####...........
##.## #.#..###### #@#
#.#..<# #.# #.##a.#
#=# #.##.... #.#
#.##...<# #.#
#.##...o# #.#
#.##....# #.# #....#
#.# ......


There were no monsters in sight!

Vanquished Creatures
  2 worker ants (D:4)
  An adder (D:2)
  An ooze (D:3)
  A worm (D:2)
  A leopard gecko (D:2)
  2 orcs
  A giant cockroach (D:3)
  2 hobgoblins
  3 jackals (D:1)
  3 bats
  A frilled lizard (D:3)
  2 kobolds
  3 rats
23 creatures vanquished.

Notes
Turn   | Place    | Note
-------+----------+-------------------------------------------
     0 | Abyss:1  | 4thArraOfDagon the Minotaur Abyssal Knight began the quest for the Orb.
     0 | Abyss:1  | Reached XP level 1. HP: 19/19 MP: 1/1
     3 | Abyss:1  | Found a corrupted altar of Lugonu.
    61 | Abyss:2  | Noticed an orange demon
    93 | Abyss:3  | Noticed a smoke demon
   118 | Abyss:3  | Noticed a raiju
   118 | Abyss:3  | Noticed a raiju
   118 | Abyss:3  | Noticed a raiju
   118 | Abyss:3  | Noticed a raiju
   119 | Abyss:3  | Noticed a large abomination
   119 | D:1      | Escaped the Abyss
   217 | D:2      | Reached skill level 4 in Fighting
   235 | D:2      | Reached XP level 2. HP: 21/27 MP: 2/2
   248 | D:2      | Found a glowing golden altar of the Shining One.
   292 | D:2      | Reached * piety under Lugonu
   339 | D:2      | Found a stormy altar of Qazlal.
   426 | D:3      | Found a hazy altar of Hepliaklqana.
   454 | D:3      | Reached XP level 3. HP: 34/34 MP: 3/3
   561 | D:4      | Gained mutation: Armour fits poorly on your strangely shaped body. [potion of mutation]
   561 | D:4      | Gained mutation: Your flesh is cold resistant. (rC+) [potion of mutation]
   561 | D:4      | Gained mutation: Your body sometimes deteriorates upon taking damage. [potion of mutation]
   561 | D:4      | Gained mutation: Your movements are slightly less encumbered by armour. (ER -2) [potion of mutation]
   563 | D:4      | Lost mutation: Your body sometimes deteriorates upon taking damage. [potion of mutation]
   563 | D:4      | Lost mutation: Armour fits poorly on your strangely shaped body. [potion of mutation]
   563 | D:4      | Lost mutation: Your flesh is cold resistant. (rC+) [potion of mutation]
   563 | D:4      | Lost mutation: Your movements are slightly less encumbered by armour. (ER -2) [potion of mutation]
   563 | D:4      | Gained mutation: You are frail. (-10% HP) [potion of mutation]
   563 | D:4      | Lost mutation: You are frail. (-10% HP) [potion of mutation]
   590 | D:4      | Reached skill level 5 in Fighting
   590 | D:4      | Reached XP level 4. HP: 6/42 MP: 4/4
   598 | D:4      | HP: 2/42 [poisoned by a worker ant]
   603 | D:4      | Succumbed to a worker ant's poison

Vault maps used:
D:1:      erik_arrival_cave_to_civilisation, minmay_misc_feat_tiny
D:2:      lemuel_doored_altar, old_standard_altar
D:3:      lemuel_round_altar, fedhas_altar_4, overflow_temple_1_default,
          minmay_quantized
D:4:      minmay_temple_entry_glassed_door, minmay_tree_intersection,
          mrwooster_statue_mirror
Abyss:2:  minivault_11, evilmike_abyss_exit_vortex

Skill      XL: |  1  2  3 |
---------------+----------+-----
Fighting       | 4 5 |  5.0
Invocations    | 2 |  2.1
Long Blades    | 3 |  3.4
Armour         | 3 |  3.1
Dodging        | |  1.3

Action                   |  1- 3 |  4- 6 || total
-------------------------+-------+-------++-------
Melee: Falchion          |    56 |     1 ||    57
       Headbutt          |    13 |       ||    13
Invok: Depart the Abyss  |     1 |       ||     1
  Use: Potion            |     8 |       ||     8
Armor: Leather armour    |    13 |       ||    13
Dodge: Dodged            |    28 |       ||    28
       Rpst.: Falchion   |     9 |       ||     9
